 Dungeon Crawl Stone Soup version 0.25.1-2-g60ff931df9 (webtiles) character file.

Game seed: 8168256796155470032

4325 gruber the Frost Mage (level 10, -5/74 HPs)
             Began as a Gnoll Ice Elementalist on Dec 7, 2020.
             Was a Believer of Vehumet.
             Slain by a gargoyle
             ... wielding a +0 mace
              (20 damage)
             ... on level 8 of the Dungeon on Dec 9, 2020.
             The game lasted 00:14:41 (11887 turns).

gruber the Frost Mage (Gnoll Ice Elementalist)     Turns: 11887, Time: 00:14:41

Health: -5/74      AC:  3    Str: 11    XL:     10   Next: 33%
Magic:  12/20      EV: 16    Int: 21    God:    Vehumet [**....]
Gold:   509        SH:  0    Dex: 15    Spells: 9/23 levels left

rFire    + . .     SeeInvis .   K - +6 long sword
rCold    . . .     Gourm    .   (no shield)
rNeg     . . .     Faith    .   B - +0 robe of Disappointment {rF+ Stlth+}
rPois    .         Spirit   .   y - +0 helmet
rElec    .         Reflect  .   (no cloak)
rCorr    .         Harm     .   (no gloves)
MR       +....                  (no boots)
Stlth    +++++.....             L - amulet of the acrobat
HPRegen  0.22/turn              m - ring of protection from magic
MPRegen  0.17/turn              t - ring of stealth

@: very slightly contaminated
A: distributed training, fangs 1, strong nose
a: Renounce Religion


You were on level 8 of the Dungeon.
You worshipped Vehumet.
Vehumet was pleased with you.
You were very hungry.

You visited 2 branches of the dungeon, and saw 9 of its levels.
You also visited: Ossuary.

You collected 509 gold pieces.

Inventory:

Hand Weapons
 I - a +1 short sword of flaming
 K - a +6 long sword (weapon)
Missiles
 M - 15 poisoned darts (quivered)
Armour
 y - a +0 helmet (worn)
 B - the +0 robe of Disappointment (worn) {rF+ Stlth+}
   (You found it on level 4 of the Dungeon)

   It protects you from fire.
   It makes you more stealthy.
Jewellery
 b - an uncursed ring of resist corrosion
 m - a ring of protection from magic (left hand)
 p - an uncursed ring of protection from fire
 t - a ring of stealth (right hand)
 L - an amulet of the acrobat (around neck)
Wands
 x - a wand of iceblast (6)
 D - a wand of flame (9)
 H - a wand of enslavement (13)
 P - a wand of paralysis (10)
Scrolls
 a - a scroll of summoning {unknown}
 g - a scroll of vulnerability {unknown}
 h - 3 scrolls of immolation {unknown}
 i - 7 scrolls of remove curse {unknown}
 j - a scroll of enchant armour {unknown}
 l - 3 scrolls of fog {unknown}
 n - 2 scrolls of blinking {unknown}
 q - 8 scrolls of identify {unknown}
 r - a scroll of teleportation {unknown}
 v - 2 scrolls of noise {unknown}
 z - a scroll of enchant weapon {unknown}
 E - a scroll of magic mapping {unknown}
 N - a scroll of holy word {unknown}
 O - a scroll of random uselessness {unknown}
Potions
 d - 4 potions of heal wounds {unknown}
 e - a potion of berserk rage {unknown}
 f - 3 potions of haste {unknown}
 k - a potion of magic {unknown}
 o - 2 potions of curing
 s - 2 potions of degeneration {unknown}
 u - a potion of resistance {unknown}
 w - a potion of lignification {unknown}
 A - 3 potions of stabbing {unknown}
 C - 2 potions of mutation {unknown}
 F - 3 potions of flight {unknown}
 G - 3 potions of invisibility {unknown}
 J - a potion of might {unknown}
Comestibles
 c - 11 rations


   Skills:
 + Level 5.1 Fighting
 + Level 5.1 Short Blades
 + Level 5.1 Long Blades
 + Level 5.1 Axes
 + Level 5.1 Maces & Flails
 + Level 5.1 Polearms
 + Level 5.1 Staves
 + Level 5.1 Slings
 + Level 5.1 Bows
 + Level 5.1 Crossbows
 + Level 5.1 Throwing
 + Level 5.1 Armour
 + Level 6.9 Dodging
 + Level 6.6 Stealth
 + Level 5.1 Shields
 + Level 5.1 Unarmed Combat
 + Level 7.2 Spellcasting
 + Level 4.2 Conjurations
 + Level 4.2 Hexes
 + Level 4.2 Charms
 + Level 4.2 Summonings
 + Level 4.2 Necromancy
 + Level 4.2 Translocations
 + Level 4.2 Transmutations
 + Level 4.2 Fire Magic
 + Level 8.3 Ice Magic
 + Level 4.2 Air Magic
 + Level 4.2 Earth Magic
 + Level 4.2 Poison Magic
 + Level 5.6 Invocations
 + Level 5.1 Evocations


You had 9 spell levels left.
You knew the following spells:

 Your Spells              Type           Power        Failure   Level  Hunger
a - Freeze                Ice            ####         1%          1    None
b - Frozen Ramparts       Ice            #####.       1%          3    None
c - Hailstorm             Conj/Ice       ####....     6%          4    ###....
d - Summon Ice Beast      Ice/Summ       ####....     6%          4    ###....
e - Searing Ray           Conj           ####..       2%          2    None

Your spell library contained the following spells:

 Spells                   Type           Power        Failure   Level  Hunger
 Shock                    Conj/Air       ####         1%          1    None
 Magic Dart               Conj           ####         1%          1    None
 Sandblast                Erth           ####..       1%          1    None
 Ozocubu's Armour         Chrm/Ice       ####....     1%          3    None
 Passwall                 Tmut/Erth      ####....     2%          2    None
 Dazzling Flash           Conj/Hex       ####..       4%          3    None
 Stone Arrow              Conj/Erth      ####..       4%          3    None
 Fulminant Prism          Conj/Hex       ####......   16%         4    ###....
 Iskenderun's Mystic Bla  Conj/Tloc      ####....     16%         4    ###....
 Petrify                  Tmut/Erth      ####....     16%         4    ###....
 Lee's Rapid Deconstruct  Erth           ####......   38%         5    #####..


Dungeon Overview and Level Annotations

Branches:
Dungeon (8/15)             Temple (1/1) D:5         Ossuary (visited)
   Lair: D:8-11

Altars:
Ashenzari
Dithmenos
Elyvilon
Fedhas
Gozag
Hepliaklqana
Kikubaaqudgha
Makhleb
Nemelex Xobeh
Okawaru
Qazlal
Ru
Sif Muna
Trog
Uskayaw
Vehumet
Wu Jian
Xom
Yredelemnul
Zin
The Shining One


Innate Abilities, Weirdness & Mutations

Your experience applies equally to all skills.
You have very sharp teeth.
Your uncanny sense of smell can sniff out nearby items.


Message History

You barely miss the gargoyle.
The gargoyle is severely damaged.
Your ice beast hits the gargoyle but does no damage.
The gargoyle closely misses you.
You hit the gargoyle but do no damage. Your bite misses the gargoyle.
The gargoyle is severely damaged.
Your ice beast hits the gargoyle but does no damage. x2
The gargoyle hits you with a +0 mace!
* * * LOW HITPOINT WARNING * * *
It was a potion of curing.
You feel better.
Your ice beast hits the gargoyle but does no damage.
You feel better.
The gargoyle hurls a stone arrow at your ice beast.
The stone arrow misses your ice beast.
Your ice beast hits the gargoyle but does no damage.
You catch the helpless gargoyle completely off-guard!
You hit the gargoyle.
The gargoyle is severely damaged.
The gargoyle hits you with a +0 mace!!
You die...

##.# ########....... ...#
#.............. # #..#
#.............. ##. #..#
#.........##### ...##..#
#.........# ##
.......####.........# #.
#####................# #.
.....................# ##.
.......Y9@...........# #..
........####.........# #.#
.......>#........#######.#
........#........# #...
........#........######...
#########.............รท.._
...........###..P
........##.###...
.............###.


You could see a gargoyle and a friendly ice beast (summoned).

Vanquished Creatures
  Maggie (D:7)
  A hippogriff (D:7)
  Sigmund (D:5)
  Edmund (D:4)
  An ice beast (D:6)
  2 orc warriors (D:7)
  A necrophage (D:7)
  3 ogres
  A centaur (D:5)
  An elf zombie (Ossuary)
  4 bullfrogs
  4 scorpions
  2 water moccasin skeletons
  5 killer bees (D:7)
  3 wights (D:6)
  5 crimson imps
  4 hounds
  A centaur skeleton (D:7)
  A centaur zombie (Ossuary)
  A bullfrog skeleton (D:5)
  3 orc priests
  4 iguanas
  10 orc wizards
  7 worker ants
  A big kobold zombie (Ossuary)
  3 hound zombies
  A mummy (Ossuary)
  Robin (D:4)
  2 gnolls (D:5)
  12 adders
  5 shadow imps
  3 oozes (D:1)
  An adder skeleton (D:5)
  5 adder zombies (Ossuary)
  3 worms
  5 dart slugs
  8 leopard geckos
  24 orcs
  3 bats
  7 giant cockroaches
  15 goblins
  14 hobgoblins
  3 jackals (D:2)
  9 kobolds
  7 quokkas
  3 ball pythons
  4 frilled lizards
  2 goblin zombies (Ossuary)
  2 hobgoblin zombies (Ossuary)
  2 jackal zombies (Ossuary)
  5 kobold zombies (Ossuary)
  A leopard gecko skeleton (D:6)
  A leopard gecko zombie (D:7)
  An orc zombie (Ossuary)
  4 quokka zombies
  7 rats
  2 rat zombies (Ossuary)
233 creatures vanquished.

Vanquished Creatures (collateral kills)
  2 black bears (D:8)
  A necrophage (D:7)
  A centaur (D:5)
  An elf zombie (Ossuary)
  2 wights (D:6)
  A howler monkey (D:8)
  A centaur zombie (Ossuary)
  2 killer bee zombies (D:5)
  A big kobold zombie (Ossuary)
  2 mummies (Ossuary)
  2 gnolls (D:5)
  An orc (D:5)
  2 goblin zombies (Ossuary)
  A kobold zombie (Ossuary)
  A quokka zombie (Ossuary)
21 creatures vanquished.

Vanquished Creatures (others)
  A withered plant (D:6)
1 creature vanquished.

Grand Total: 255 creatures vanquished

Notes
Turn   | Place    | Note
-------+----------+-------------------------------------------
     0 | D:1      | gruber the Gnoll Ice Elementalist began the quest for the
                  | Orb.
     0 | D:1      | Reached XP level 1. HP: 13/13 MP: 6/6
   362 | D:1      | Reached XP level 2. HP: 19/19 MP: 5/7
   750 | D:1      | Reached XP level 3. HP: 18/25 MP: 3/9
   755 | D:1      | Learned a level 3 spell: Frozen Ramparts
   760 | D:1      | Reached skill level 5 in Spellcasting
  1034 | D:1      | Reached skill level 1 in Invocations
  1528 | D:1      | Reached skill level 1 in Fighting
  1528 | D:1      | Reached skill level 1 in Short Blades
  1528 | D:1      | Reached skill level 1 in Long Blades
  1528 | D:1      | Reached skill level 1 in Axes
  1528 | D:1      | Reached skill level 1 in Maces & Flails
  1528 | D:1      | Reached skill level 1 in Polearms
  1528 | D:1      | Reached skill level 1 in Staves
  1528 | D:1      | Reached skill level 1 in Slings
  1528 | D:1      | Reached skill level 1 in Bows
  1528 | D:1      | Reached skill level 1 in Crossbows
  1528 | D:1      | Reached skill level 1 in Throwing
  1528 | D:1      | Reached skill level 1 in Armour
  1528 | D:1      | Reached skill level 1 in Shields
  1528 | D:1      | Reached skill level 1 in Unarmed Combat
  1528 | D:1      | Reached skill level 1 in Evocations
  1801 | D:1      | Reached XP level 4. HP: 32/32 MP: 11/11
  2150 | D:2      | Found a faded altar of an unknown god.
  2297 | D:2      | Reached skill level 1 in Conjurations
  2297 | D:2      | Reached skill level 1 in Hexes
  2297 | D:2      | Reached skill level 1 in Charms
  2297 | D:2      | Reached skill level 1 in Summonings
  2297 | D:2      | Reached skill level 1 in Necromancy
  2297 | D:2      | Reached skill level 1 in Translocations
  2297 | D:2      | Reached skill level 1 in Transmutations
  2297 | D:2      | Reached skill level 1 in Fire Magic
  2297 | D:2      | Reached skill level 1 in Air Magic
  2297 | D:2      | Reached skill level 1 in Earth Magic
  2297 | D:2      | Reached skill level 1 in Poison Magic
  2689 | D:2      | Reached XP level 5. HP: 37/37 MP: 8/12
  4023 | D:4      | Learned a level 4 spell: Hailstorm
  4028 | D:4      | Learned a level 4 spell: Summon Ice Beast
  4102 | D:4      | Noticed Robin
  4109 | D:4      | Killed Robin
  4109 | D:4      | Reached XP level 6. HP: 39/44 MP: 9/13
  4489 | D:4      | Got a ripped robe
  4500 | D:4      | Identified the +0 robe of Disappointment {rF+ Stlth+} (You
                  | found it on level 4 of the Dungeon)
  4602 | D:4      | Found a hide-covered altar of Uskayaw.
  4620 | D:4      | Reached skill level 5 in Dodging
  4658 | D:4      | Noticed Edmund
  4676 | D:4      | Killed Edmund
  4676 | D:4      | Reached XP level 7. HP: 24/50 MP: 6/15
  4903 | D:4      | Found a shimmering blue altar of Sif Muna.
  5575 | D:4      | Reached skill level 5 in Stealth
  5631 | D:5      | Entered Level 5 of the Dungeon
  5883 | D:5      | Reached XP level 8. HP: 54/57 MP: 12/16
  5885 | D:5      | Noticed Sigmund
  5911 | D:5      | Found an iron altar of Okawaru.
  5973 | D:5      | Found a staircase to the Ecumenical Temple.
  5980 | D:5      | Found a sand-covered staircase.
  5990 | Ossuary  | Entered an ossuary
  6983 | Temple   | Entered the Ecumenical Temple
  7252 | D:5      | Found a white marble altar of Elyvilon.
  7506 | D:5      | Killed Sigmund
  7674 | D:5      | Found a radiant altar of Vehumet.
  7777 | D:5      | Became a worshipper of Vehumet
  7959 | D:5      | Learned a level 2 spell: Searing Ray
  7981 | D:5      | Found a stormy altar of Qazlal.
  7983 | D:5      | Noticed a water elemental
  7984 | D:5      | Noticed an air elemental
  8476 | D:6      | Reached XP level 9. HP: 47/65 MP: 18/18
  8573 | D:6      | Found a burning altar of Makhleb.
  8903 | D:6      | Found a basalt altar of Yredelemnul.
  9164 | D:6      | Found a shattered altar of Ashenzari.
  9217 | D:6      | Found a glowing silver altar of Zin.
  9373 | D:6      | Reached skill level 8 in Ice Magic
  9748 | D:7      | Reached * piety under Vehumet
  9748 | D:7      | Offered knowledge of Foxfire by Vehumet.
  9799 | D:7      | Found a sacrificial altar of Ru.
 10124 | D:7      | Reached skill level 5 in Invocations
 10309 | D:7      | Noticed Maggie
 10318 | D:7      | Killed Maggie
 10318 | D:7      | Reached XP level 10. HP: 31/70 MP: 11/20
 10826 | D:7      | Found a sparkling altar of Nemelex Xobeh.
 10945 | D:7      | Reached ** piety under Vehumet
 10945 | D:7      | Offered knowledge of Shock by Vehumet.
 11231 | D:8      | Found a bloodstained altar of Trog.
 11241 | D:8      | Reached skill level 5 in Fighting
 11241 | D:8      | Reached skill level 5 in Short Blades
 11241 | D:8      | Reached skill level 5 in Long Blades
 11241 | D:8      | Reached skill level 5 in Axes
 11241 | D:8      | Reached skill level 5 in Maces & Flails
 11241 | D:8      | Reached skill level 5 in Polearms
 11241 | D:8      | Reached skill level 5 in Staves
 11241 | D:8      | Reached skill level 5 in Slings
 11241 | D:8      | Reached skill level 5 in Bows
 11241 | D:8      | Reached skill level 5 in Crossbows
 11241 | D:8      | Reached skill level 5 in Throwing
 11241 | D:8      | Reached skill level 5 in Armour
 11241 | D:8      | Reached skill level 5 in Shields
 11241 | D:8      | Reached skill level 5 in Unarmed Combat
 11241 | D:8      | Reached skill level 5 in Evocations
 11485 | D:8      | Found a shadowy altar of Dithmenos.
 11862 | D:8      | Noticed a gargoyle
 11887 | D:8      | Slain by a gargoyle

Illustrated notes

Levels and vault maps discovered:
D:1:      mrwooster_arrival_arrow, layout_loops_ring, serial_bayou,
          serial_bayou_lagoon_b, serial_bayou_lagoon_a, serial_bayou_crossing,
          serial_bayou_pond_b, serial_bayou_ford_a
D:2:      layout_loops_cross, chequers_ecumenical_altar_simple,
          kennysheep_generic_room_16
D:3:      layout_basic
D:4:      layout_basic, eat_drink_and_be_merry_uskayaw, led_sif_book,
          uniq_robin, uniq_edmund
D:5:      layout_gridville, old_standard_altar, lemuel_round_altar,
          nicolae_qazlal_style_of_elements, minmay_temple_entry_water_ring,
          first_ration, enter_ossuary_4, okawaru_ov_weapons_minmay, uniq_sigmund
D:6:      layout_loops_ring, makhleb_grotto_becter, zin_statuary,
          lemuel_crystal_altar, yredelemnul_altar_generic,
          kennysheep_generic_room_4
D:7:      layout_loops_corners, nemelex_xobeh_ov_fountains_minmay,
          overflow_temple_1_default, uniq_maggie
D:8:      layout_basic, trog_ov_bears_minmay, nicolae_dithmenos_the_darkroom
Temple:   compressed_dpeg_triangle_lava_temple

Skill      XL: |  1  2  3  4  5  6  7  8  9 10 |
---------------+-------------------------------+-----
Spellcasting   | 5 6 7 |  7.2
Invocations    | 1 2 3 4 5 |  5.6
Fighting       | 1 2 3 4 5 |  5.1
Short Blades   | 1 2 3 4 5 |  5.1
Long Blades    | 1 2 3 4 5 |  5.1
Axes           | 1 2 3 4 5 |  5.1
Maces & Flails | 1 2 3 4 5 |  5.1
Polearms       | 1 2 3 4 5 |  5.1
Staves         | 1 2 3 4 5 |  5.1
Slings         | 1 2 3 4 5 |  5.1
Bows           | 1 2 3 4 5 |  5.1
Crossbows      | 1 2 3 4 5 |  5.1
Throwing       | 1 2 3 4 5 |  5.1
Armour         | 1 2 3 4 5 |  5.1
Shields        | 1 2 3 4 5 |  5.1
Unarmed Combat | 1 2 3 4 5 |  5.1
Evocations     | 1 2 3 4 5 |  5.1
Conjurations   | 1 2 3 4 |  4.2
Hexes          | 1 2 3 4 |  4.2
Charms         | 1 2 3 4 |  4.2
Summonings     | 1 2 3 4 |  4.2
Necromancy     | 1 2 3 4 |  4.2
Translocations | 1 2 3 4 |  4.2
Transmutations | 1 2 3 4 |  4.2
Fire Magic     | 1 2 3 4 |  4.2
Air Magic      | 1 2 3 4 |  4.2
Earth Magic    | 1 2 3 4 |  4.2
Poison Magic   | 1 2 3 4 |  4.2
Dodging        | 5 6 |  6.9
Stealth        | 5 6 |  6.6
Ice Magic      | 8 |  8.3

Action                   |  1- 3 |  4- 6 |  7- 9 | 10-12 || total
-------------------------+-------+-------+-------+-------++-------
Melee: Whip              |    15 |       |    54 |       ||    69
       Unarmed           |     1 |       |       |       ||     1
       Short sword       |    53 |   120 |    36 |       ||   209
       Bite              |     6 |     6 |    34 |     8 ||    54
       Spear             |       |       |   151 |       ||   151
       Punch             |       |       |     6 |     2 ||     8
       Long sword        |       |       |    61 |    65 ||   126
Throw: Dart              |       |       |       |     8 ||     8
 Cast: Freeze            |    16 |     6 |     3 |     1 ||    26
       Frozen Ramparts   |     4 |    19 |    29 |     8 ||    60
       Summon Ice Beast  |       |       |    22 |     3 ||    25
       Hailstorm         |       |       |     1 |     4 ||     5
Evoke: Wand              |       |       |     3 |       ||     3
  Use: Potion            |       |       |       |     2 ||     2
 Stab: Sleeping          |     3 |    13 |    26 |     9 ||    51
       Distracted        |       |       |     3 |     1 ||     4
  Eat: Chunk             |     3 |    10 |    15 |     5 ||    33
       Ration            |       |       |     2 |       ||     2
Armor: Robe              |     8 |    12 |    24 |     8 ||    52
Dodge: Dodged            |    45 |    75 |   178 |    68 ||   366
       Rpst.: Long sword |       |       |    15 |    22 ||    37
